 Dungeon Sprint DCSS version 0.20-a0-59-g66a9409 (console) character file.

181 Blackmore the Frost Mage (level 5, -3/42 HPs)
             Began as a Deep Elf Ice Elementalist on Nov 16, 2016.
             Was a Priest of Sif Muna.
             Slain by a phantom (5 damage)
             ... in the Dungeon (Sprint VII: "The Pits").
             The game lasted 00:03:22 (586 turns).

Blackmore the Frost Mage (Deep Elf Ice Elementalist) Turns: 586, Time: 00:03:22

Health: -3/42      AC:  2    Str: 10    XL:     5   Next: 34%
Magic:  13/18      EV: 15    Int: 21    God:    Sif Muna [***...]
Gold:   0          SH:  0    Dex: 15    Spells: 3 memorised, 15 levels left

rFire  . . .     SeeInvis .     r - +1 dagger (venom)
rCold  . . .     Gourm    .     a - +0 robe
rNeg   . . .     Faith    .     (no shield)
rPois  .         Spirit   .     (no helmet)
rElec  .         Reflect  .     (no cloak)
rCorr  .         Harm     .     (no gloves)
MR     .....     NoTele   +     (no boots)
Stlth  ..........               (no amulet)
                                (no ring)
                                (no ring)

@: berserking (expiring), very quick
A: no striking features
a: Divine Energy, Channel Magic, Renounce Religion


You were in the Dungeon.
You worshipped Sif Muna.
Sif Muna was most pleased with you.
You were hungry.

You visited 1 branch

Inventory:

Hand Weapons
 j - a +2 dagger
 r - a +1 dagger of venom (weapon)
Armour
 a - a +0 robe (worn)
Scrolls
 i - a scroll of blinking
 m - 3 scrolls of remove curse
 n - 5 scrolls of amnesia
 o - a scroll of summoning
Potions
 d - 6 potions of curing
 e - 5 potions of heal wounds
 f - a potion of haste
 g - 4 potions of magic
 h - 2 potions of berserk rage
 l - 2 potions of invisibility
Books
 b - a book of Frost

   Spells                             Type                      Level
   a - Freeze                         Ice                          1
   b - Throw Frost                    Conjuration/Ice              2
   c - Ozocubu's Armour               Charms/Ice                   3
   d - Throw Icicle                   Conjuration/Ice              4
   e - Summon Ice Beast               Ice/Summoning                4
Comestibles
 c - 8 bread rations
 k - 2 chunks of flesh
 p - 40 fruits
 q - 7 meat rations


   Skills:
 + Level 1.3 Short Blades
 + Level 4.7 Dodging
 + Level 4.7 Stealth
 * Level 8.8 Spellcasting
 + Level 1.2 Conjurations
 * Level 8.8 Ice Magic


You had 15 spell levels left.
You knew the following spells:

 Your Spells              Type           Power        Failure   Level  Hunger
a - Freeze                Ice            ####         1%          1    None
b - Throw Frost           Conj/Ice       ####..       1%          2    None
c - Ozocubu's Armour      Chrm/Ice       ####....     3%          3    None


Dungeon Overview and Level Annotations

Branches:
Dungeon (1/1)

Altars:
Ashenzari
Cheibriados
Dithmenos
Elyvilon
Fedhas
Gozag
Hepliaklqana
Kikubaaqudgha
Makhleb
Nemelex Xobeh
Okawaru
Qazlal
Ru
Sif Muna
Trog
Uskayaw
Vehumet
Xom
Yredelemnul
Zin
The Shining One
Beogh
Jiyva
Lugonu

Annotations:
D Ijyb


Message History

The hungry ghost is almost destroyed.
Ijyb barely misses you.
You puncture the hungry ghost!
You destroy the hungry ghost!
Sif Muna accepts your kill.
You can now call upon Sif Muna for magical energy.
Your Short Blades skill increases to level 1!
Your Dodging skill increases to level 4!
Your Stealth skill increases to level 4!
Your Spellcasting skill gained 3 levels and is now at level 8!
Your Ice Magic skill gained 2 levels and is now at level 8!
You have reached level 4!
You feel clever.
You have reached level 5!
The phantom blinks!
You hit Ijyb.
Ijyb is lightly wounded.
The wolf barely misses you. Ijyb hits you but does no damage.
The phantom hits you.
You die...

#.#..#..#..##.....
#.#..'..'..#####'#
#(##'####'###.....
#.#........##.....
#.#....)...##.....
#.#####'#####...<.
#.#..[))...##.....
#W#..[)))..##.....
#@###########.....
#hg#.#.## ######
#Z......#
##.#.#.##
#.......#
##.#.#.##
#.......#
##.#.#..+ ########


You could see a phantom, Ijyb, a wolf and an adder zombie.

Vanquished Creatures
  A hungry ghost (D)
  A hound (D)
  An adder (D)
  An ufetubus (D)
  A leopard gecko (D)
  2 giant cockroaches (D)
  A quokka (D)
  A frilled lizard (D)
  2 kobolds (D)
  A rat (D)
12 creatures vanquished.

Notes
Turn   | Place    | Note
-------+----------+-------------------------------------------
     0 | D        | Blackmore the Deep Elf Ice Elementalist began the quest for the Orb.
     0 | D        | Reached XP level 1. HP: 10/10 MP: 6/6
    21 | D        | Found a radiant altar of Vehumet.
    21 | D        | Found a hide-covered altar of Uskayaw.
    21 | D        | Found an ancient bone altar of Kikubaaqudgha.
    21 | D        | Found a viscous altar of Jiyva.
    21 | D        | Found a hazy altar of Hepliaklqana.
    22 | D        | Found a bloodstained altar of Trog.
    22 | D        | Found a deep blue altar of Sif Muna.
    22 | D        | Found a sacrificial altar of Ru.
    22 | D        | Found a stormy altar of Qazlal.
    22 | D        | Found an iron altar of Okawaru.
    22 | D        | Found a sparkling altar of Nemelex Xobeh.
    22 | D        | Found an opulent altar of Gozag.
    22 | D        | Found a blossoming altar of Fedhas.
    22 | D        | Found a white marble altar of Elyvilon.
    22 | D        | Found a shadowy altar of Dithmenos.
    22 | D        | Found a snail-covered altar of Cheibriados.
    23 | D        | Found a burning altar of Makhleb.
    23 | D        | Found a glowing golden altar of the Shining One.
    23 | D        | Found a glowing silver altar of Zin.
    23 | D        | Found a basalt altar of Yredelemnul.
    23 | D        | Found a roughly hewn altar of Beogh.
    24 | D        | Found a corrupted altar of Lugonu.
    24 | D        | Found a shimmering altar of Xom.
    24 | D        | Found a shattered altar of Ashenzari.
    26 | D        | Became a worshipper of Sif Muna the Loreminder
   303 | D        | Reached * piety under Sif Muna
   303 | D        | Reached XP level 2. HP: 15/15 MP: 8/8
   315 | D        | Reached skill level 5 in Ice Magic
   326 | D        | Learned a level 2 spell: Throw Frost
   369 | D        | Reached ** piety under Sif Muna
   369 | D        | Reached skill level 5 in Spellcasting
   369 | D        | Reached XP level 3. HP: 19/19 MP: 3/12
   374 | D        | Learned a level 3 spell: Ozocubu's Armour
   560 | D        | Noticed a wolf
   563 | D        | Noticed a phantom
   563 | D        | Noticed Ijyb
   564 | D        | Noticed a hungry ghost
   582 | D        | HP: 1/28 [hungry ghost (1)]
   585 | D        | Killed a hungry ghost
   585 | D        | Reached *** piety under Sif Muna
   585 | D        | Reached skill level 1 in Short Blades
   585 | D        | Reached XP level 4. HP: 1/24 MP: 12/16
   585 | D        | Reached XP level 5. HP: 2/28 MP: 13/18
   586 | D        | Slain by a phantom

Vault maps used:
D:        pitsprint

Skill      XL: |  1  2  3 |
---------------+----------+-----
Ice Magic      | 4 6 8 |  8.8
Dodging        | 3 4 |  4.7
Stealth        | 3 4 |  4.7
Spellcasting   | 5 8 |  8.8
Short Blades   | 1 |  1.3
Conjurations   | |  1.2

Action                   |  1- 3 |  4- 6 || total
-------------------------+-------+-------++-------
Melee: Dagger            |    18 |     1 ||    19
 Cast: Freeze            |    12 |       ||    12
       Throw Frost       |     1 |       ||     1
  Use: Potion            |     2 |       ||     2
 Stab: Sleeping          |     4 |       ||     4
Armor: Robe              |     4 |       ||     4
Dodge: Dodged            |    38 |     1 ||    39
